 Dungeon Crawl Stone Soup version 0.18-a0-1180-g64ccc1e (webtiles) character file.

11 namelastname112 the Scratcher (level 2, 0/12 HPs)
             Began as a Felid Transmuter on Jan 27, 2016.
             Slain by a hobgoblin
             ... wielding a +0 club
              (2 damage)
             ... on level 1 of the Dungeon.
             The game lasted 00:00:48 (316 turns).

namelastname112 the Scratcher (Felid Transmuter)     Turns: 316, Time: 00:00:49

Health: 0/12       AC:  1    Str:  6    XL:     2   Next: 17%
Magic:  4/6        EV: 18    Int: 14    God:
Gold:   0          SH:  0    Dex: 16    Spells: 1 memorised, 4 levels left
                                        Lives:  0   Deaths: 0

rFire  . . .     SeeInvis +       - Unarmed
rCold  . . .     Gourm    .     (armour unavailable)
rNeg   . . .     Faith    .     (shield unavailable)
rPois  .         Spirit   .     (helmet unavailable)
rElec  .         Dismiss  .     (cloak unavailable)
rCorr  .         Reflect  .     (gloves unavailable)
SustAt .         Harm     .     (boots unavailable)
MR     .....                    (no amulet)
Stlth  ++........               (no ring)
                                (no ring)

@: appendage (expiring), very slightly contaminated, quick, not resistant to
hostile enchantments, unstealthy
A: no armour, no weapons or thrown items, claws 1, fangs 3, horns 2, see
invisible, carnivore 3, speed 1, shaggy fur 1, slow metabolism 1, sharp paws
a: End Transformation


You were on level 1 of the Dungeon.
You were full.
You had grown temporary horns.
You visited 1 branch of the dungeon, and saw 1 of its levels.

Inventory:

Missiles
 a - 12 arrows
Scrolls
 f - a scroll of recharging {unknown}
Potions
 d - a potion of cancellation {unknown}
 e - a potion of cure mutation {unknown}
Books
 b - a book of Changes

   Spells                             Type                      Level
   a - Beastly Appendage              Transmutation                1
   b - Sticks to Snakes               Transmutation                2
   c - Spider Form                    Transmutation/Poison         3
   d - Ice Form                       Ice/Transmutation            4
   e - Blade Hands                    Transmutation                5
Comestibles
 c - a meat ration


   Skills:
 + Level 1.4 Fighting
 + Level 2.8 Dodging
 + Level 3.0 Unarmed Combat
 * Level 2.0 Spellcasting
 * Level 2.8 Transmutations


You had 4 spell levels left.
You knew the following spells:

 Your Spells              Type           Power        Failure   Level  Hunger
a - Beastly Appendage     Trmt           #.....       10%         1    ##.....


Dungeon Overview and Level Annotations

Branches:
Dungeon (1/15)

Altars:


Innate Abilities, Weirdness & Mutations

You cannot wear armour.
You are incapable of wielding weapons or throwing items.
You have sharp claws.
You have razor-sharp teeth.
You have supernaturally acute eyesight.
You are carnivorous and can eat meat at any time.
You cover ground quickly.
You are covered in fur (AC +1).
You have a slow metabolism.
Your sharp claws are effective at attacking unaware monsters.
You have a pair of horns on your head.


Message History

The kobold closely misses you.
You scratch the kobold.
You kill the kobold!
You closely miss the giant gecko.
The giant gecko hisses menacingly.
The giant gecko bites you.
You scratch the giant gecko but do no damage.
Your headbutt misses the giant gecko. The giant gecko bites you.
* * * LOW HITPOINT WARNING * * *
Unknown command.
You scratch the giant gecko.
The giant gecko is heavily wounded.
The giant gecko barely misses you.
Unknown command.
You scratch the giant gecko.
You kill the giant gecko!
You scratch the hobgoblin.
The hobgoblin is almost dead.
The hobgoblin hits you with a club.
You die...

#......# .##......# .
........ .. # #.K..#
####.#. # #....# .......
+ #....# .......
##########....###.......
#......[..(....g@.......
....#........######.....
....#...P.P..# ...
....##.P#≈#P.# .
....##.##≈##.#
....##.≈≈≈≈≈.#
....##.##≈##.#
.#####.P#≈#P.# .#
##..P.P..#


You could see a hobgoblin.

Vanquished Creatures
  2 giant geckos (D:1)
  3 bats (D:1)
  2 goblins (D:1)
  A kobold (D:1)
  3 rats (D:1)
11 creatures vanquished.

Notes
Turn   | Place    | Note
--------------------------------------------------------------
     0 | D:1      | namelastname112 the Felid Transmuter began the quest for the Orb.
     0 | D:1      | Reached XP level 1. HP: 9/9 MP: 4/4
   307 | D:1      | Reached XP level 2. HP: 5/12 MP: 3/6
   316 | D:1      | Slain by a hobgoblin

Vault maps used:
D:1:      eino_arrival_water_cross, interstate_on_off, grunt_decor_mini_mirrors

Action                   || total
-------------------------++-------
Melee: Unarmed           ||    33
 Cast: Beastly Appendage ||     2
 Stab: Sleeping          ||     2
  Eat: Chunk             ||     2
